 Dungeon Crawl Stone Soup version 0.27-a0-1272-g7c8ad2e407 (webtiles) character file.

Game seed: 16213789806203657512

55 Froggeryz the Chopper (level 3, -1/27 HPs)
             Began as a Demonspawn Gladiator on June 11, 2021.
             Succumbed to Sigmund's poison
             ... on level 2 of the Dungeon.
             The game lasted 00:01:22 (2228 turns).

Froggeryz the Chopper (Demonspawn Gladiator)        Turns: 2228, Time: 00:01:22

Health: -1/27      AC:  5    Str: 15    XL:     3   Next: 67%
Magic:  3/3        EV: 12    Int:  9    God:
Gold:   71         SH:  0    Dex: 14    Spells: 2/2 levels left

rFire    + . .     SeeInvis .   a - +0 war axe
rCold    . . .     Faith    .   (no shield)
rNeg     . . .     Spirit   .   n - +2 robe {rF+}
rPois    .         Reflect  .   c - +0 helmet
rElec    .         Harm     .   (no cloak)
rCorr    .         Rampage  .   (no gloves)
Will     .....                  (no boots)
Stlth    +.........             (no amulet)
HPRegen  0.09/turn              (no ring)
MPRegen  0.08/turn              (no ring)

@: lethally poisoned (-1 -> -15)
A: foul stench 1
a: no special abilities


You were on level 2 of the Dungeon.
You visited 1 branch of the dungeon, and saw 3 of its levels.

You collected 71 gold pieces.

Inventory:

Hand Weapons
 a - a +0 war axe (weapon)
Missiles
 d - 3 throwing nets
 e - 6 boomerangs (quivered)
Armour
 b - a +1 leather armour of cold resistance
 c - a +0 helmet (worn)
 n - a +2 robe of fire resistance (worn)
Scrolls
 f - a scroll of fog {unknown}
 g - a scroll of immolation {unknown}
 h - 4 scrolls of amnesia {unknown}
 i - a scroll of enchant armour {unknown}
 k - a scroll of teleportation {unknown}
 l - a scroll of noise {unknown}
 o - a scroll of vulnerability {unknown}
Potions
 j - a potion of invisibility {unknown}
 m - a potion of degeneration {unknown}
 p - a potion of ambrosia {unknown}


   Skills:
 - Level 2.0 Fighting
 * Level 3.8 Axes
 + Level 2.5 Throwing
 - Level 2.6 Dodging


You had 2 spell levels left.
You didn't know any spells.
Your spell library was empty.

Dungeon Overview and Level Annotations

Branches:
Dungeon (3/15)

Altars:

Annotations:
D:3 Sigmund


Innate Abilities, Weirdness & Mutations

You may rarely emit foul miasma when damaged in melee.


Message History

The kobold barely misses you.
You hit the kobold.
You kill the kobold!
No target in view!
No target in view!
You see here a +0 short sword of venom.
Done exploring.
Done exploring.
Done exploring.
No target in view!
There is a stone staircase leading down here.
You climb downwards.
A ball python and Sigmund come into view.
Sigmund is wielding a +0 scythe of venom.
There is a stone staircase leading up here.
There are monsters nearby!
There are monsters nearby!
The helpless Sigmund fails to defend himself.
You hit Sigmund but do no damage. Sigmund closely misses you.
You completely miss Sigmund. Sigmund misses you.
You hit Sigmund.
Sigmund is lightly wounded.
You slash the ball python!
You kill the ball python!
Sigmund barely misses you.
You barely miss Sigmund.
Sigmund is lightly wounded.
Sigmund hits you but does no damage. Sigmund closely misses you.
You hit Sigmund.
Sigmund is moderately wounded.
Sigmund barely misses you.
You can't go up here!
Sigmund hits you from afar with a +0 scythe of venom!
You are poisoned.
There is a stone staircase leading up here.
You feel very sick.
Sigmund hits you from afar with a +0 scythe of venom!
* * * LOW HITPOINT WARNING * * *
You climb upwards.
You die...

#.............#
###############.###
..................#
###########.###..##
#......# #.####.#
#.# #.# #.# #.# #.#
#@# ###### #.# #.#
.†..[# #.####.#
##.#.# #....#.#
#.#.#########.#.#
#.#...........#.#
#.#..#######..#.#
#.#..#######..#.##
#.#..............#


There were no monsters in sight!

Vanquished Creatures
  2 adders (D:2)
  A worm (D:2)
  A dart slug (D:2)
  6 endoplasms
  A giant cockroach (D:2)
  4 hobgoblins
  3 jackals (D:1)
  A quokka (D:1)
  2 ball pythons
  A bat (D:1)
  2 frilled lizards
  A goblin (D:1)
  3 kobolds
  4 rats
32 creatures vanquished.

Notes
Turn   | Place    | Note
-------+----------+-------------------------------------------
     0 | D:1      | Froggeryz the Demonspawn Gladiator began the quest for the
                  | Orb.
     0 | D:1      | Reached XP level 1. HP: 16/16 MP: 1/1
   137 | D:1      | Reached skill level 3 in Axes
   145 | D:1      | Gained mutation: You may rarely emit foul miasma when
                  | damaged in melee. [demonic ancestry]
   145 | D:1      | Reached XP level 2. HP: 15/22 MP: 2/2
   528 | D:1      | Found a faded altar of an unknown god.
  1479 | D:2      | Reached XP level 3. HP: 22/27 MP: 3/3
  2219 | D:3      | Noticed Sigmund
  2228 | D:2      | Succumbed to Sigmund's poison

Illustrated notes

Levels and vault maps discovered:
D:1:      minmay_arrival_four_loops, layout_basic,
          chequers_ecumenical_altar_simple, minmay_misc_feat_iff
D:2:      layout_basic, item_on_display_a
D:3:      minmay_evil_eye, layout_loops_cross, lemuel_crystal_altar,
          serial_shops, shop, uniq_sigmund

Skill      XL: |  1 |
---------------+----+-----
Axes           | 3 |  3.8
Throwing       | 2 |  2.5
Fighting       | |  2.0
Dodging        | |  2.6

Action                   || total
-------------------------++-------
Melee: War axe           ||    84
Throw: Boomerang         ||     4
 Stab: Sleeping          ||     2
Armor: Leather armour    ||    16
       Robe              ||    11
Dodge: Dodged            ||    45

Table legend: (Time is in decaauts)
 A = Elapsed time spent in this place.
 B = Non-inter-level travel time spent in this place.
 C = Inter-level travel time spent in this place.
 D = Time resting spent in this place.
 E = Time spent auto-exploring this place.
 F = Levels seen in this place.
 G = Mean time per level.
                   A        B        C        D        E       F      G
               +--------+--------+--------+--------+--------+-----+--------+
         Total |   2256 |   2233 |     23 |    174 |   1816 |   3 |  752.0 |
       Dungeon |   2256 |   2233 |     23 |    174 |   1816 |   3 |  752.0 |
               +--------+--------+--------+--------+--------+-----+--------+

Top non-repeatable levels by time:
     D:2: 1331 daAuts
     D:1: 915 daAuts
     D:3: 10 daAuts
